 Dungeon Crawl Stone Soup version 0.29-a0-338-g1ff7896281 (webtiles) character file.

Game seed: 14601293957935257118

222 klau3 the Ruffian (level 5, -1/51 (53) HPs)
             Began as a Troll Chaos Knight on Apr 18, 2022.
             Was a Plaything of Xom.
             Succumbed to Crazy Yiuf's poison
             ... on level 2 of the Dungeon.
             The game lasted 00:15:28 (1156 turns).

klau3 the Ruffian (Troll Chaos Knight)              Turns: 1156, Time: 00:15:28

HP:   -1/51 (53)    AC:  6    Str: 22    XL:     5   Next: 66%
MP:   5/5           EV: 10    Int:  8    God:    Xom [..*...]
Gold: 58            SH:  0    Dex:  9    Spells: 5/5 levels left

rFire   . . .      SeeInvis +   d - +0 flail
rCold   . . .      Faith    .   (no shield)
rNeg    . . .      Spirit   .   a - +2 robe
rPois   .          Reflect  .   (helmet restricted)
rElec   .          Harm     .   (no cloak)
rCorr   .          Rampage  .   (gloves unavailable)
Will    .....                   (boots unavailable)
Stlth   +.........              (no amulet)
HPRegen 0.97/turn               e - ring of see invisible
MPRegen 0.09/turn               (no ring)

@: mighty, lethally poisoned (-1 -> -14), hasted and slowed, lightly drained
A: large, unfitting armour, claws 3, regeneration 1, shaggy fur 1, tough skin 1
a: Renounce Religion


You were on level 2 of the Dungeon.
You worshipped Xom.
You were a toy of Xom.
You visited 1 branch of the dungeon, and saw 2 of its levels.

You collected 58 gold pieces.

Inventory:

Hand Weapons
 d - a +0 flail (weapon)
 g - a +0 dagger
 h - a +0 short sword
 j - a +0 club
 n - a +2 dagger of venom
 p - a +0 club
Missiles
 q - 18 stones
Armour
 a - a +2 robe (worn)
 c - a +0 pair of boots
 i - a +0 ring mail
 o - a +0 plate armour
Magical Staves
 l - a staff of poison
Jewellery
 e - a ring of see invisible (left claw)
Scrolls
 r - a scroll of magic mapping {unknown}
Potions
 f - 3 potions of heal wounds {unknown}
 k - a potion of curing {unknown}
 m - a potion of ambrosia {unknown}
Miscellaneous
 b - a piece from Xom's chessboard (15/15) (quivered)


   Skills:
 + Level 3.3 Fighting
 + Level 1.4(1.6) Short Blades
 + Level 0.9(1.3) Long Blades
 + Level 0.9(1.4) Axes
 + Level 1.5(1.9) Maces & Flails
 + Level 0.9(1.3) Polearms
 + Level 0.9(1.4) Staves
 + Level 0.6(0.9) Slings
 + Level 0.6 Bows
 + Level 1.0 Crossbows
 + Level 1.0(1.2) Throwing
 + Level 1.1 Armour
 + Level 2.6 Dodging
 + Level 0.6 Stealth
 + Level 0.9 Shields
 + Level 4.0 Unarmed Combat
 + Level 0.9 Spellcasting
 + Level 1.0 Conjurations
 + Level 0.6 Hexes
 + Level 0.7 Summonings
 + Level 0.9 Necromancy
 + Level 0.7 Translocations
 + Level 1.5 Transmutations
 + Level 0.7 Fire Magic
 + Level 0.7 Ice Magic
 + Level 0.6 Air Magic
 + Level 1.0 Earth Magic
 + Level 0.7 Poison Magic
 + Level 1.3 Invocations
 + Level 0.7 Evocations


You had 5 spell levels left.
You didn't know any spells.
Your spell library contained the following spells:

 Spells                   Type           Power      Damage    Failure   Level
 Summon Small Mammal      Summ           4%         N/A       28%         1
 Call Canine Familiar     Summ           1%         N/A       65%         3
 Summon Guardian Golem    Hex/Summ       1%         N/A       65%         3


Dungeon Overview and Level Annotations

Branches:
Dungeon (2/15)

Altars:
Cheibriados

Shops:
D:1 *

Annotations:
D:2 Crazy Yiuf


Innate Abilities, Weirdness & Mutations

You are too large for most types of armour.
You have claws for hands.
Your natural rate of healing is unusually fast.
You are covered in fur. (AC +1)
You have tough skin. (AC +1)


Message History

There is a stone staircase leading down here.
Found 3 gold pieces.
There is a stone staircase leading down here.
You climb downwards.
Level annotation: Crazy Yiuf Crazy Yiuf shuffles his notes under his cloak.
There is a stone staircase leading up here.
You see here a rat skeleton.
Crazy Yiuf says, "My goal is simple.
It is a complete understanding of the universe, why it is as it is and why it exists at all."
Things that are here:
18 gold pieces; a +0 dagger
Things that are here:
a +0 robe of resistance; a +0 scythe Crazy Yiuf is nearby!
Crazy Yiuf yells, "Shadow mumblescurry seventy!"
Crazy Yiuf hits you but does no damage.
You closely miss Crazy Yiuf. Crazy Yiuf barely misses you.
You completely miss Crazy Yiuf.
Crazy Yiuf says, "The life which is unexamined is not worth living."
Crazy Yiuf hits you with a +3 quarterstaff of chaos!
You feel drained.
Crazy Yiuf hits you with a +3 quarterstaff of chaos!
You feel yourself slow down.
You hit Crazy Yiuf but do no damage.
You claw Crazy Yiuf, but do no damage. "Go forth and cause havoc, mortal!"
You feel yourself speed up. Crazy Yiuf barely misses you.
Crazy Yiuf hits you with a +3 quarterstaff of chaos.
You feel very mighty all of a sudden.
You sock Crazy Yiuf!
Crazy Yiuf is severely wounded.
Crazy Yiuf says, "Which is more difficult, to awaken one who sleeps or to awaken one who, awake, dreams that he is awake?"
Crazy Yiuf hits you with a +3 quarterstaff of chaos!
You emit a cloud of colourful smoke!
Crazy Yiuf closely misses you.
Crazy Yiuf hits you with a +3 quarterstaff of chaos!
* * * LOW HITPOINT WARNING * * *
You are lethally poisoned!
Crazy Yiuf attacks as you move away! Crazy Yiuf barely misses you.
You die...
Xom roars with laughter!

######... ..........<####.#####.
....###.## ###..#.##............
###<# #># ##...÷#.####...#####
#.# #.# ##....$.# #...##### #.#
#.#####.......# #........
###.###.............# ##..#####
............#.....§[# ##.#.####
###.#######.##...§g#####.......#
#.# #.....@§§§§§..#......# #.#
##############..._...## #.#
##........ ###.# #.....### ....#
####### #####


You could see Crazy Yiuf.

Vanquished Creatures
  Sigmund (D:2)
  A worm (D:2)
  8 ball pythons
  An endoplasm (D:1)
  3 goblins
  5 jackals
  2 bats (D:2)
  2 kobolds
  3 rats
26 creatures vanquished.

Notes
Turn   | Place    | Note
-------+----------+-------------------------------------------
     0 | D:1      | klau3 the Troll Chaos Knight began the quest for the Orb.
     0 | D:1      | Reached XP level 1. HP: 22/22 MP: 0/0
   129 | D:1      | Found a faded altar of an unknown god.
   186 | D:1      | Reached XP level 2. HP: 29/29 MP: 1/1
   272 | D:1      | Found Kysyurgh's General Store.
   383 | D:1      | XOM: silly message
   704 | D:2      | Noticed Sigmund
   711 | D:2      | XOM: potion effect (experience)
   711 | D:2      | Reached skill level 1 in Short Blades
   711 | D:2      | Reached skill level 1 in Maces & Flails
   711 | D:2      | Reached skill level 1 in Crossbows
   711 | D:2      | Reached skill level 1 in Throwing
   711 | D:2      | Reached skill level 1 in Armour
   711 | D:2      | Reached skill level 1 in Conjurations
   711 | D:2      | Reached skill level 1 in Transmutations
   711 | D:2      | Reached skill level 1 in Earth Magic
   711 | D:2      | Reached skill level 1 in Invocations
   711 | D:2      | Reached XP level 3. HP: 37/37 MP: 1/3
   716 | D:2      | XOM: cast spell 'Cause Fear'
   732 | D:2      | Killed Sigmund
   733 | D:2      | Reached skill level 4 in Unarmed Combat
   733 | D:2      | Reached XP level 4. HP: 45/45 MP: 2/4
   733 | D:2      | Reached XP level 5. HP: 53/53 MP: 2/5
   778 | D:2      | Found a snail-covered altar of Cheibriados.
   869 | D:2      | XOM: smoke on damage
   869 | D:2      | XOM: silly message
   981 | D:2      | Found a runed translucent door.
   982 | D:2      | Noticed Crazy Yiuf
  1011 | D:2      | XOM: confuse monster(s)
  1152 | D:2      | XOM: potion effect (haste)
  1153 | D:2      | XOM: smoke on damage
  1156 | D:2      | Succumbed to Crazy Yiuf's poison

Illustrated notes

Levels and vault maps discovered:
D:1:      wheals_arrival_shading, layout_loops_ring, serial_shops,
          nicolae_shop_trees, nicolae_ecumenical_snake_handling,
          dreamdust_princess_corridor
D:2:      layout_loops_ring, basic_altar, uniq_sigmund, uniq_jessica,
          uniq_crazy_yiuf_cottage

Skill      XL: |  1  2  3 |
---------------+----------+-----
Dodging        | 2 |  2.6
Fighting       | 3 |  3.3
Short Blades   | 1 |  1.4
Maces & Flails | 1 |  1.5
Crossbows      | 1 |  1.0
Throwing       | 1 |  1.0
Armour         | 1 |  1.1
Conjurations   | 1 |  1.0
Transmutations | 1 |  1.5
Earth Magic    | 1 |  1.0
Invocations    | 1 |  1.3
Unarmed Combat | 4 |  4.0
Long Blades    | |  0.9
Axes           | |  0.9
Polearms       | |  0.9
Staves         | |  0.9
Slings         | |  0.6
Bows           | |  0.6
Stealth        | |  0.6
Shields        | |  0.9
Spellcasting   | |  0.9
Hexes          | |  0.6
Summonings     | |  0.7
Necromancy     | |  0.9
Translocations | |  0.7
Fire Magic     | |  0.7
Ice Magic      | |  0.7
Air Magic      | |  0.6
Poison Magic   | |  0.7
Evocations     | |  0.7

Action                   |  1- 3 |  4- 6 || total
-------------------------+-------+-------++-------
Melee: Unarmed           |    21 |       ||    21
       Flail             |    14 |    62 ||    76
       Punch             |       |     2 ||     2
Armor: Robe              |    11 |    58 ||    69
Dodge: Dodged            |    11 |    67 ||    78

Table legend: (Time is in decaauts)
 A = Elapsed time spent in this place.
 B = Non-inter-level travel time spent in this place.
 C = Inter-level travel time spent in this place.
 D = Time resting spent in this place.
 E = Time spent auto-exploring this place.
 F = Levels seen in this place.
 G = Mean time per level.
                   A        B        C        D        E       F      G
               +--------+--------+--------+--------+--------+-----+--------+
         Total |   1179 |    563 |    616 |      0 |      0 |   2 |  589.5 |
       Dungeon |   1179 |    563 |    616 |      0 |      0 |   2 |  589.5 |
               +--------+--------+--------+--------+--------+-----+--------+

Top non-repeatable levels by time:
     D:1: 637 daAuts
     D:2: 542 daAuts
